 Dungeon Crawl Stone Soup version 0.28.0-53-g5a82cb258f (webtiles) character file.

Game seed: 1316049630525343697

1187 Peloso the Slasher (level 8, -2/70 HPs)
             Began as a Minotaur Fighter on June 30, 2022.
             Slain by a killer bee (4 damage)
             ... on level 5 of the Dungeon.
             The game lasted 00:08:16 (6056 turns).

Peloso the Slasher (Minotaur Fighter)               Turns: 6056, Time: 00:08:17

Health: -2/70      AC:  9    Str: 20    XL:     8   Next: 19%
Magic:  7/7        EV: 10    Int:  5    God:
Gold:   157        SH:  5    Dex: 13    Spells: 7/7 levels left

rFire   . . .      SeeInvis .   a - +0 long sword
rCold   . . .      Faith    .   c - +0 buckler
rNeg    . . .      Spirit   .   b - +0 scale mail
rPois   .          Reflect  .   (helmet restricted)
rElec   .          Harm     .   (no cloak)
rCorr   .          Rampage  .   (no gloves)
Will    .....                   j - +0 pair of boots
Stlth   ..........              k - amulet of the acrobat
HPRegen 0.21/turn               w - ring of flight
MPRegen 0.10/turn               (no ring)

@: flying
A: horns 2, retaliatory headbutt
a: no special abilities


You were on level 5 of the Dungeon.
You visited 1 branch of the dungeon, and saw 6 of its levels.

You collected 185 gold pieces.
You spent 28 gold pieces at shops.

Inventory:

Hand Weapons
 a - a +0 long sword (weapon)
Armour
 b - a +0 scale mail (worn)
 c - a +0 buckler (worn)
 j - a +0 pair of boots (worn)
Jewellery
 g - a ring of fire
 k - an amulet of the acrobat (around neck)
 w - a ring of flight (left hand)
 y - a ring of willpower
 z - a ring of ice
 B - a ring of fire
 D - a ring of see invisible
Wands
 s - a wand of flame (12)
 E - a wand of mindburst (4)
Scrolls
 i - a scroll of summoning {unknown}
 m - 2 scrolls of identify
 p - 2 scrolls of fog
 q - a scroll of brand weapon {unknown}
 r - a scroll of immolation {unknown}
 u - a scroll of silence {unknown}
 v - a scroll of noise {unknown}
 x - 2 scrolls of teleportation {unknown}
 A - a scroll of amnesia {unknown}
Potions
 d - 2 potions of might
 e - 4 potions of lignification
 f - 3 potions of flight {unknown}
 h - 2 potions of mutation {unknown}
 l - 2 potions of brilliance {unknown}
 n - a potion of attraction {unknown}
 o - 4 potions of heal wounds {unknown}
 t - a potion of cancellation {unknown}


   Skills:
 + Level 5.7 Fighting
 + Level 7.7 Long Blades
 + Level 6.9 Armour
 + Level 2.5 Dodging
 + Level 0.3 Stealth
 + Level 5.5 Shields


You had 7 spell levels left.
You didn't know any spells.
Your spell library contained the following spells:

 Spells                   Type           Power      Damage    Failure   Level
 Slow                     Hex            0%         N/A       87%         1
 Sting                    Tmut/Pois      0%         1d3       87%         1
 Poisonous Vapours        Pois/Air       0%         N/A       95%         2
 Confusing Touch          Hex            0%         N/A       99%         3
 Vampiric Draining        Necr           0%         2d6       99%         3
 Olgreb's Toxic Radiance  Pois           0%         N/A       100%        4


Dungeon Overview and Level Annotations

Branches:
Dungeon (6/15)
 Temple: D:4-7

Altars:
Dithmenos
Gozag
Ru
Zin

Shops:
D:3 (=(   D:5 *

Annotations:
D:4 Dig x2
D:5 2 transporters, Lemuel's ghost, amateur DsBe


Innate Abilities, Weirdness & Mutations

You have a pair of horns on your head.
You reflexively headbutt those who attack you in melee.


Message History

The killer bee completely misses you. You furiously retaliate!
You headbutt the killer bee! You block the killer bee's attack.
The killer bee misses you. You furiously retaliate!
You headbutt the killer bee, but do no damage.
The killer bee barely misses you. You furiously retaliate!
You headbutt the killer bee.
You fly upwards.
Level annotation: 2 transporters, Lemuel's ghost, amateur DsBe
* * * LOW HITPOINT WARNING * * *
You feel very sick.
There is a stone staircase leading down here.
You feel better. The killer bee barely misses you.
The killer bee closely misses you. You furiously retaliate!
You headbutt the killer bee.
The killer bee stings you but does no damage.
The killer bee barely misses you. You furiously retaliate!
You headbutt the killer bee! The killer bee closely misses you.
You furiously retaliate!
You headbutt the killer bee! You block the killer bee's attack.
You barely miss the killer bee.
The killer bee is severely wounded.
The killer bee stings you.
* * * LOW HITPOINT WARNING * * *
The killer bee stings you.
* * * LOW HITPOINT WARNING * * *
The killer bee closely misses you. You furiously retaliate!
You headbutt the killer bee, but do no damage.
The killer bee stings you.
* * * LOW HITPOINT WARNING * * *
You are lethally poisoned!
The killer bee poisons you! The killer bee closely misses you.
You furiously retaliate!
You headbutt the killer bee. You block the killer bee's attack.
The killer bee stings you.
* * * LOW HITPOINT WARNING * * *
You are more poisoned.
The killer bee poisons you!
You feel better. The killer bee stings you!
* * * LOW HITPOINT WARNING * * *
The killer bee stings you.
You die...

##..........# #..#..........
#...........# #..#...Z......
##..........#### #..###########
#..............# #.............
#..##..##..##..# ##.....(.......
#.####....####.####.(............
#.## ##..## ##.##....##.........#
#..## #..# ##..#yy.#####.......##
#...###..###....@..............#
..#..........#...y......).....##
..#..........#............<....#
....###..###...................##
...## #..# ##....................
..## ##..## ##.###############...
..####....####.# ##..#
...##..##..##..# #..##
...............# #..##


You could see 3 killer bees.

Vanquished Creatures
  Eustachio (D:5)
  A water moccasin (D:6)
  A black bear (D:5)
  An ogre (D:4)
  A phantom (D:6)
  A gnoll sergeant (D:3)
  A scorpion (D:4)
  A water moccasin skeleton (D:5)
  2 killer bees (D:6)
  A hound (D:6)
  A bullfrog skeleton (D:6)
  A jelly (D:6)
  3 iguanas
  3 orc wizards (D:5)
  3 gnolls (D:4)
  6 adders
  A howler monkey skeleton (D:5)
  A shadow imp (D:5)
  An ufetubus (D:5)
  3 worms
  A dart slug (D:2)
  9 orcs
  11 endoplasms
  4 giant cockroaches
  8 goblins
  3 hobgoblins
  2 quokkas
  8 ball pythons
  13 bats
  4 frilled lizards
  9 kobolds
  5 rats
111 creatures vanquished.

Notes
Turn   | Place    | Note
-------+----------+-------------------------------------------
     0 | D:1      | Peloso the Minotaur Fighter began the quest for the Orb.
     0 | D:1      | Reached XP level 1. HP: 19/19 MP: 0/0
   178 | D:1      | Reached XP level 2. HP: 27/27 MP: 1/1
   471 | D:1      | Reached skill level 3 in Long Blades
   961 | D:2      | Found a glowing silver altar of Zin.
   982 | D:2      | Reached XP level 3. HP: 33/33 MP: 2/2
  1269 | D:2      | Reached XP level 4. HP: 41/41 MP: 3/3
  1368 | D:2      | Reached skill level 4 in Long Blades
  1802 | D:3      | Found Gaonol's Weapon Shoppe.
  1943 | D:3      | Found a shadowy altar of Dithmenos.
  1956 | D:3      | Found a sacrificial altar of Ru.
  2131 | D:3      | Found Vutaylo's Jewellery Emporium.
  2299 | D:3      | Found a faded altar of an unknown god.
  2336 | D:3      | Found Amanuom's Weapon Shoppe.
  2464 | D:4      | Noticed a gnoll sergeant
  2504 | D:4      | Reached XP level 5. HP: 35/47 MP: 4/4
  2514 | D:3      | Reached skill level 5 in Long Blades
  2988 | D:4      | Reached XP level 6. HP: 49/55 MP: 5/5
  3125 | D:4      | Reached skill level 5 in Fighting
  3125 | D:4      | Reached skill level 6 in Long Blades
  3125 | D:4      | Reached skill level 1 in Dodging
  3728 | D:4      | Found a glowing silver altar of Zin.
  4190 | D:3      | Found an opulent altar of Gozag.
  4233 | D:5      | Entered Level 5 of the Dungeon
  4326 | D:5      | Noticed Eustachio
  4622 | D:5      | Reached skill level 5 in Armour
  4630 | D:5      | Killed Eustachio
  4631 | D:5      | Reached skill level 5 in Shields
  4631 | D:5      | Reached XP level 7. HP: 39/61 MP: 6/6
  4826 | D:5      | Found a transporter.
  4826 | D:5      | Noticed Lemuel's ghost (amateur DsBe)
  4829 | D:5      | Found a transporter.
  5473 | D:5      | Found Reupy's General Store.
  5653 | D:5      | Bought a scroll of fog for 28 gold pieces
  5724 | D:6      | Reached skill level 7 in Long Blades
  6037 | D:6      | Reached XP level 8. HP: 52/69 MP: 7/7
  6053 | D:5      | HP: 2/70 [poisoned by a killer bee]
  6056 | D:5      | Slain by a killer bee

Illustrated notes

Levels and vault maps discovered:
D:1:      amcnicky_arrival_single_pillar, layout_basic
D:2:      layout_rooms, basic_altar, minmay_joined_circles
D:3:      layout_basic, nicolae_overflow_ecumenical_swirl,
          amethyst_overflow_temple_binary, serial_shops,
          nicolae_shop_advertising_works [nicolae_subvault_shop_adworks],
          nicolae_diamond_shop, nicolae_lakefront_shop
D:4:      layout_layer_cave, zin_treasury, due_unseen_surprise
D:5:      layout_cave_pods, gammafunk_ghost_mausoleum, nicolae_take_the_stairs,
          palyth_stone_intersect, uniq_eustachio
D:6:      layout_basic, marbit_many_paths

Skill      XL: |  1  2  3  4  5  6  7 |
---------------+----------------------+-----
Long Blades    | 3 4 5 6 7 |  7.7
Fighting       | 4 5 |  5.7
Armour         | 4 5 6 |  6.9
Shields        | 4 5 |  5.5
Dodging        | 1 2 |  2.5
Stealth        | |  0.3

Action                   |  1- 3 |  4- 6 |  7- 9 || total
-------------------------+-------+-------+-------++-------
Melee: Long sword        |    86 |   142 |    80 ||   308
       Headbutt          |     9 |    19 |    15 ||    43
Evoke: Wand              |       |     1 |       ||     1
  Use: Potion            |       |     1 |     2 ||     3
       Scroll            |       |     1 |       ||     1
Armor: Scale mail        |    43 |    91 |    51 ||   185
Dodge: Dodged            |    58 |   150 |    55 ||   263
Block: Buckler           |    23 |    56 |    18 ||    97
